 Dungeon Crawl Stone Soup version 0.31-a0-152-g6aa68a64a1 (webtiles) character file.

Game seed: 2982466083292383130

14 qw the Shooter (level 2, -1/26 HPs)
             Began as a Naga Hunter on June 10, 2023.
             Slain by a hobgoblin (2 damage)
             ... on level 1 of the Dungeon.
             The game lasted 00:00:07 (164 turns).

qw the Shooter (Naga Hunter)                         Turns: 164, Time: 00:00:07

Health: -1/26      AC:  2    Str: 13    XL:     2   Next: 45%
Magic:  2/2        EV:  9    Int:  9    God:
Gold:   11         SH:  0    Dex: 14    Spells: 1/1 levels left

rFire   . . .        a - +0 shortbow
rCold   . . .        (shield currently unavailable)
rNeg    . . .        c - +0 leather armour
rPois   +            (no helmet)
rElec   .            (no cloak)
rCorr   .            (no gloves)
SInv    +            (no barding)
Will    .....        (no amulet)
Stlth   ++           (no ring)
HPRegen 0.24/turn    (no ring)
MPRegen 0.08/turn

%: no passive effects
@: very slow
A: AC +0, large, see invisible, deformed body, poison resistance, slowness 2,
spit poison 1, naga tail 1
a: Spit Poison


You were on level 1 of the Dungeon.
You visited 1 branch of the dungeon, and saw 1 of its levels.

You collected 11 gold pieces.


Innate Abilities, Weirdness & Mutations

Your serpentine skin is tough. (AC +0)
You have supernaturally acute eyesight. (SInv)
Armour fits poorly on your strangely shaped body.
Your system is resistant to poisons. (rPois)
You cover ground very slowly.
You can spit poison.
You have a snake-like lower body.


   Skills:
 - Level 2.0 Fighting
 + Level 4.2 Ranged Weapons
 - Level 1.5 Dodging
 - Level 1.5 Stealth


You had one spell level left.
You didn't know any spells.
Your spell library was empty.

Inventory:

Hand Weapons
 a - a +0 shortbow (weapon)
Armour
 c - a +0 leather armour (worn)
Scrolls
 b - a scroll of butterflies
Potions
 d - a potion of magic {unknown}

Dungeon Overview and Level Annotations

Branches:
Dungeon (1/15)

Altars:


Message History

The jackal barely misses you. The bat hits you but does no damage.
The jackal bites you. The hobgoblin barely misses you.
The bat closely misses you.
160 ||| INVOKING Spit Poison.
Aiming: Spit Poison (2% risk of failure)
Press: ? - help, Shift-Dir - straight line, f - jackal, p - hobgoblin The splash of poison hits the jackal.
The jackal is poisoned.
The jackal is severely wounded.
The bat hits you but does no damage.
The jackal bites you but does no damage.
The jackal misses you. The hobgoblin hits you.
You shoot an arrow.
The arrow hits the jackal but does no damage.
The jackal is severely wounded.
The jackal bites you. x2
The hobgoblin hits you but does no damage.
The jackal bites you but does no damage.
The jackal closely misses you.
The jackal bites you but does no damage.
You shoot an arrow. The arrow closely misses the jackal.
The jackal closely misses you.
The jackal bites you but does no damage. x2
The hobgoblin barely misses you.
A dart slug comes into view.
The jackal closely misses you. x2
You shoot an arrow.
The arrow hits the jackal but does no damage.
The jackal is almost dead.
The jackal barely misses you. The hobgoblin barely misses you.
The jackal closely misses you. x2
The jackal bites you but does no damage.
The hobgoblin hits you.
You shoot an arrow. The arrow hits the jackal.
You kill the jackal!
You have got your breath back.
The jackal bites you. The jackal completely misses you. The jackal bites you.
The jackal barely misses you.
The jackal bites you but does no damage.
The hobgoblin hits you.
You die...

#.#.# #.# # .... ....
##### .# #.#.#.#.#.#.#
##.... w. ...........#
7...7# #%#.#.#.#.#..
77.77# .)..%....# 77~P77
.#.#.#h#h#.#.# 7P~P7#
.....hg@....# 777777~777
#.#.#.#h#.#.##7~~77~~~7P
.....b.......~~~.~.~~~
#.#.#.#.#..##.77PP~.~~7
............##77777P.777
#.#.#.#.#.#.# 77~P7
.......##.# ~.77 ..####
#.# 7~~ #.# .~7


You could see a dart slug, 4 jackals, a hobgoblin and a bat.

Vanquished Creatures
  A bat (D:1)
  An endoplasm (D:1)
  2 goblins (D:1)
  A hobgoblin (D:1)
  3 jackals (D:1)
  2 quokkas (D:1)
  3 frilled lizards (D:1)
13 creatures vanquished.

Notes
Turn   | Place    | Note
-------+----------+-------------------------------------------
     0 | D:1      | qw the Naga Hunter began the quest for the Orb.
     0 | D:1      | Reached XP level 1. HP: 19/19 MP: 1/1
     0 | D:1      | 0 ||| qw: Version: 0.2-a-122-gbc61b45
     0 | D:1      | 0 ||| qw: Game counter: 3506
     0 | D:1      | 0 ||| qw: Always use a shield: true
     0 | D:1      | 0 ||| qw: God list: Okawaru
     0 | D:1      | 0 ||| qw: Allow faded altars: false
     0 | D:1      | 0 ||| qw: Do Orc after D:15 true
     0 | D:1      | 0 ||| qw: Do second Lair branch before Depths: true
     0 | D:1      | 0 ||| qw: Lair rune preference: random
     0 | D:1      | 0 ||| qw: Plans: Normal
     0 | D:1      | 0 ||| PLANNING D:1-11
    26 | D:1      | 26 ||| INVOKING Spit Poison.
    77 | D:1      | 77 ||| INVOKING Spit Poison.
   115 | D:1      | 115 ||| INVOKING Spit Poison.
   119 | D:1      | 119 ||| INVOKING Spit Poison.
   132 | D:1      | Reached skill level 4 in Ranged Weapons
   132 | D:1      | Reached XP level 2. HP: 26/26 MP: 2/2
   139 | D:1      | 139 ||| INVOKING Spit Poison.
   147 | D:1      | 147 ||| INVOKING Spit Poison.
   150 | D:1      | 150 ||| INVOKING Spit Poison.
   155 | D:1      | 155 ||| INVOKING Spit Poison.
   156 | D:1      | 156 ||| INVOKING Spit Poison.
   160 | D:1      | 160 ||| INVOKING Spit Poison.
   163 | D:1      | HP: 3/26 [hobgoblin (5)]
   164 | D:1      | HP: 1/26 [jackal (2)]
   164 | D:1      | Slain by a hobgoblin

Levels and vault maps discovered:
D:1:      zaba_arrival_water, layout_basic, minmay_misc_feat_rows, hex_large,
          minmay_misc_feat_encased, serial_bayou_crossing

Skill      XL: |  1 |
---------------+----+-----
Ranged Weapons | 4 |  4.2
Fighting       | |  2.0
Dodging        | |  1.5
Stealth        | |  1.5

Action                     || total
---------------------------++-------
   Fire: Shortbow          ||    29
Ability: Spit Poison       ||     9
 Armour: Leather armour    ||    15
  Dodge: Dodged            ||    30

Table legend:
 A = Non-vault XP
 B = Vault XP
 C = Vault XP percentage of total XP
 D = Non-vault monster count
 E = Vault monster count
 F = Vault count percentage of total count
                 A         B        C        D         E       F
            +---------+---------+-------+---------+---------+-------
      Total |      23 |       0 |   0.0 |      13 |       0 |   0.0
            +---------+---------+-------+---------+---------+-------
        D:1 |      23 |       0 |   0.0 |      13 |       0 |   0.0
            +---------+---------+-------+---------+---------+-------
